[Event "Early-Titled-Tuesday-Blitz-February-20-2024"]
[Site "Chess.com"]
[Date "2024.02.20"]
[Round "1"]
[White "karinachess1"]
[Black "Dubs123"]
[Result "1/2-1/2"]
[WhiteElo "2672"]
[BlackElo "2356"]
[TimeControl "180+1"]
[EndTime "8:09:34 PST"]
[Termination "Game drawn by agreement"]

1. d4 Nf6 2. c4 b6 3. Nc3 Bb7 4. f3 e6 5. e4 d6 6. Bd3 Be7 7. Nge2 O-O 8. O-O Nbd7 9. Bg5 h6 10. Bh4 c5 11. Bf2 a6 12. d5 Ne5 13. b3 Nxd3 14.
Qxd3 Nd7 15. Qc2 Ne5 16. h3 Bf6 17. f4 Ng6 18. dxe6 fxe6 19. e5 Nxe5 20. fxe5 Bxe5 21. Qd2 Qe8 22. Qd3 Rd8 23. Bg3 Bf6 24. Rae1 Qc6 25. Nf4 Bd4+ 26. Kh2 Rxf4 27. Rg1 Bxg1+ 28. Rxg1 Rf6 29.
Bh4 g5 30. Bg3 e5 31. Nd5 Rf7 32. Qg6+ Kf8 33. Qxh6+ Ke8 34. Qe6+ Kf8 35. h4 Qd7 36. Qh6+ Ke8 37. Qh8+ Rf8 38. Nf6+ Ke7 39. Qg7+ Rf7 40.
Qxf7+ Kxf7 41. Nxd7 Rxd7 42. hxg5 Kg6 43. Bh4 Rh7 44.
Kg3 Rf7 45. Rd1 Rd7 46. Rd2 Kh5 47. Kh3 Be4 48. g4+ Kg6 49. Bf2 Bb1 50. Bg3 e4 51.
Rxd6+ Rxd6 52. Bxd6 e3 53. Kg3 Bxa2 54. Bc7 Bxb3 55. Bxb6 Bxc4 56. Bxc5 e2 57. Kf2 Kxg5 58. Be7+ Kxg4 59. Bb4 Kf5 60. Ke1 Ke4 61. Kd2 Kd4 62.
Ba5 Kd5 63. Ke3 Bb5 64. Be1 Kc6 65. Kd4 Kb6 66. Kc3 a5 67. Kb3 Bd3 68. Ka3 Kb5 69. Bf2 a4 70. Be1 Bc4 71. Kb2 Bb3 72. Ka3 Kc4 73. Bf2 Kd3 74. Kb2 Kd2 75. Bh4 Kd3 76. Ka3 Kc4 77. Kb2 Kb4 78. Be1+ Kb5 79.
Ka3 Kc4 80. Bh4 Kd3 81. Be1 Kc2 82. Bh4 Kd2 83. Kb2 Ke3 84. Be1 Kf3 85. Bb4 Kg4 86.
Ka3 Kh3 87. Kb2 Kg2 88. Ka3 Bd1 89. Kb2 Kf2 90. Ka3 Ke3 91. Kb2 Kd3 92. Be1 Kc4 93. Ka3 Kd4 94. Kb2 Ke3 95. Ka3 Kf3 96. Kb2 Kg2 97. Ka3 Kf1 98. Bb4 e1=Q 99. Bxe1 Kxe1 100. Kb2 Kd2 101. Ka1 Kd3 102. Kb1 Bb3 103. Ka1 Kc4 104. Kb1 Kb4 105. Ka1 a3 106. Kb1 Ba4 107. Ka1 Bb5 108. Kb1 Bc6 109. Ka1 Be4 110. Ka2 Bd5+ 111. Ka1 Be4 112. Ka2 Bf5 113. Ka1 Bh7 114. Ka2 Bg8+ 115. Ka1 Bb3 116. Kb1 1/2-1/2

[Event "Early-Titled-Tuesday-Blitz-February-20-2024"]
[Site "Chess.com"]
[Date "2024.02.20"]
[Round "1"]
[White "AlexanderKing"]
[Black "ClaudiaSof"]
[Result "1/2-1/2"]
[WhiteElo "2659"]
[BlackElo "2334"]
[TimeControl "180+1"]
[EndTime "8:09:38 PST"]
[Termination "Game drawn by repetition"]

1. c4 e5 2. Nc3 Nc6 3. Nf3 Bb4 4. Qc2 a5 5. e3 Nf6 6. a3 Bxc3 7.
Qxc3 Qe7 8. d4 d6 9. Be2 O-O 10. b3 Bg4 11. d5 Nb8 12. h3 Bh5 13. O-O Nbd7 14. Bb2 Nc5 15. Bd1 Nfe4 16. Qe1 Nd3 17. Qe2 Nxb2 18. Qxb2 Bg6 19. Bc2 Nc5 20. b4 Nd3 21.
Qc3 axb4 22. axb4 Rxa1 23. Rxa1 e4 24. Nd2 b6 25. Bxd3 exd3 26. Qd4 f5 27. Qxd3 f4 28. e4 f3 29. g3 Qe5 30. Re1 Qh5 31. Kh2 Be8 32.
Re3 Bd7 33. Rxf3 Qxh3+ 34. Kg1 Ra8 35. Qf1 Qh5 36. Re3 Ra2 37. Qe1 h6 38. Nf1 Bg4 39. e5 Bf3 40. Nh2 Bg4 41. Nxg4 Qxg4 42. exd6 cxd6 43. Re8+ Kh7 44. Qe4+ Qxe4 45. Rxe4 Rb2 46. b5 Rc2 47. Kg2 Kg8 48. Re6 Rxc4 49. Rxd6 Rc5 50.
Rd8+ Kf7 51. d6 Rxb5 52. Rd7+ Kf6 53. Rb7 g6 54. d7 Ke7 55. Kf3 Rb4 56. Ke3 h5 57. f4 Rb3+ 58. Kf2 Rb2+ 59. Kf3 Rb3+ 60. Kg2 Kd8 61. Kh3 Ke7 62. Kh4 Kd8 63. Kg5 Rxg3+ 64.
Kf6 Rd3 65. Kxg6 h4 66. Rxb6 Kxd7 67. f5 Ke8 68. f6 Rg3+ 69. Kf5 h3 70. Rb8+ Kf7 71.
Rb7+ Kf8 72. Rh7 Rf3+ 73. Kg5 Rg3+ 74. Kf4 Rg6 75. Kf5 Rg3 76. Rh6 Kf7 77. Ke5 Rg5+ 78. Kf4 Rg6 79. Rxh3 Kxf6 80. Ke4 Kg7 81. Kf5 Rf6+ 82.
Ke5 Rg6 83. Ra3 Kh6 84. Kf5 Rg5+ 85. Kf4 Rg6 86. Ra7 Rf6+ 87. Ke5 Rf8 88. Ra4 Kg6 89. Rg4+ Kh5 90. Rg1 Kh6 91. Ke6 Kh5 92. Rh1+ Kg6 93. Rg1+ Kh6 94. Ke5 Kh5 95. Rg2 Kh6 96. Rg1 Kh5 97.
Rg2 Kh6 98. Rg1 1/2-1/2

[Event "Early-Titled-Tuesday-Blitz-February-20-2024"]
[Site "Chess.com"]
[Date "2024.02.20"]
[Round "1"]
[White "David_George21"]
[Black "Thjop"]
[Result "0-1"]
[WhiteElo "2303"]
[BlackElo "2642"]
[TimeControl "180+1"]
[EndTime "8:09:43 PST"]
[Termination "Thjop won by checkmate"]

1. e4 e6 2. d4 d5 3. Nd2 c5 4.
exd5 exd5 5. Ngf3 Nf6 6. Bb5+ Bd7 7. Bxd7+ Nbxd7 8. O-O Be7 9. dxc5 Nxc5 10. Re1 O-O 11.
Nb3 Nce4 12. Be3 a6 13. Bd4 Rc8 14. c3 Re8 15. Qd3 Qd7 16. Rad1 Rcd8 17. Ne5 Qc8 18. f3 Nc5 19. Nxc5 Bxc5 20. Kh1 Bxd4 21. Qxd4 Qc7 22. g4 h6 23. h4 Re6 24. g5 hxg5 25. hxg5 Nh5 26. Kg2 Rde8 27. f4 Nxf4+ 28. Qxf4 Rxe5 29. Rxe5 Rxe5 30. Kf3 Qe7 31. Rg1 Qe6 32. Qg4 Re3+ 33. Kf2 Re4 34. Qxe6 fxe6 35. g6 Kf8 36. Rh1 Ke7 37. Rh8 Rf4+ 38. Ke3 Rf8 39. Rh4 b5 40. a4 Rf6 41. axb5 axb5 42. Rb4 Rxg6 43. Rxb5 Rg1 44. Kf4 g5+ 45. Kf3 Kf6 46. Rb4 Kf5 47. Rb8 Rb1 48. Rf8+ Ke5 49. Rb8 Rg1 50. Kf2 Rc1 51.
Kf3 Rc2 52. Rb4 Kf5 53. Kg3 Rd2 54. Rb8 Rd3+ 55. Kf2 g4 56. Rf8+ Ke5 57. Ke2 Rh3 58. Rg8 Rh2+ 59. Ke3 Rxb2 60. Rxg4 Rc2 61. Kd3 Rh2 62.
Rg5+ Kd6 63. Rg6 Rh3+ 64. Kd2 Rh4 65. Rg5 Rf4 66. Ke3 Rh4 67. Kd3 e5 68. Rg6+ Kc5 69. Rg8 e4+ 70. Kd2 Rh2+ 71. Ke3 Rh3+ 72. Ke2 Rxc3 73.
Rc8+ Kd4 74. Ra8 Rh3 75. Ra4+ Ke5 76. Ra5 Rb3 77. Ra8 Rb2+ 78. Kd1 e3 79. Re8+ Kd4 80. Ra8 Ke4 81. Ra4+ d4 82. Ra8 Rh2 83. Ra7 Rh1+ 84. Kc2 d3+ 85. Kc3 Rc1+ 86. Kb2 d2 87. Re7+ Kf3 88.
Rf7+ Ke2 89. Rd7 d1=Q 90. Rxd1 Rxd1 91. Kc3 Rd2 92. Kc4 Kd1 93. Kc3 e2 94. Kc4 e1=Q 95.
Kc5 Qe3+ 96. Kc6 Qc3+ 97. Kb6 Rb2+ 98. Ka6 Qa3# 0-1

[Event "Early-Titled-Tuesday-Blitz-February-20-2024"]
[Site "Chess.com"]
[Date "2024.02.20"]
[Round "1"]
[White "GKARU"]
[Black "KuzubovYuriy"]
[Result "0-1"]
[WhiteElo "2515"]
[BlackElo "2966"]
[TimeControl "180+1"]
[EndTime "8:09:52 PST"]
[Termination "KuzubovYuriy won on time"]

1. d4 Nf6 2. Nf3 e6 3. Bg5 h6 4. Bh4 c5 5. c3 Nc6 6. Nbd2 d5 7. e3 Qb6 8. Qb3 Qxb3 9. axb3 g5 10. Bg3 Nh5 11. Bd3 Nxg3 12. hxg3 g4 13. Nh2 f5 14.
f3 Bd6 15. Kf2 h5 16. f4 Bd7 17. Nhf1 Ke7 18. dxc5 Bxc5 19. b4 Bb6 20. Nb3 Nd8 21. Nfd2 Nf7 22. Nd4 Nd6 23. Rh4 Be8 24. Rhh1 Bf7 25.
N2b3 Rhc8 26. Na5 Rc7 27. Ra2 Be8 28. Rha1 Rac8 29. Nab3 a6 30. Na5 Kf6 31. Nab3 Nc4 32. Bxc4 dxc4 33. Nc1 Bc6 34. Nce2 Be4 35. Rh1 Rh8 36.
Raa1 Bd5 37. Rh4 Kg6 38. Rhh1 Rcc8 39. Rh2 Ra8 40. Rhh1 Bc7 41. Ra3 Bd6 42. Rha1 h4 43. gxh4 Rxh4 44. Kg3 Rah8 45. Ra5 Rh2 46. Rg1 Rh1 47. Raa1 R1h7 48. b5 Be7 49. Kf2 Bh4+ 50. Kf1 Ra8 51. Nc1 Bf6 52. Kf2 Rhh8 53. Nce2 axb5 54. Nxb5 Bh4+ 55. g3 Bf6 56. Rxa8 Rxa8 57. Rd1 Ra2 58. Rd2 Ra1 59. Ng1 Be7 60. Nd4 Bc5 61.
Nde2 Rb1 62. Nd4 Kf6 63. Nde2 Ke7 64. Nd4 Kd6 65. Nb5+ Kc6 66. Nd4+ Bxd4 67. exd4 Be4 68. Re2 Kb5 69. Rd2 Ka4 70. Ne2 Kb3 71. d5 Bxd5 72.
Nd4+ Ka4 73. Nxf5 exf5 74. Rxd5 Rxb2+ 75. Ke3 Rg2 76. Rxf5 Rxg3+ 77. Kd4 Rf3 78. Kxc4 g3 79. Kd4 g2 80. Rg5 Rxf4+ 81. Ke3 Rc4 82. Kd3 Kb3 83. Rb5+ Ka2 84. Rg5 Kb3 85. Rb5+ Ka3 86. Rg5 Rc6 87.
Rxg2 Kb3 88. Rg7 b6 89. Kd2 Rd6+ 90. Kc1 Kxc3 91. Rg3+ Kb4 92. Rg4+ Ka3 93. Rg3+ Ka2 94.
Rc3 b5 95. Rc8 b4 96. Ra8+ Kb3 97. Rh8 Rg6 98. Rh3+ Ka2 99. Rh2+ Ka1 100. Rh1 b3 101. Kd2+ Kb2 0-1

[Event "Early-Titled-Tuesday-Blitz-February-20-2024"]
[Site "Chess.com"]
[Date "2024.02.20"]
[Round "1"]
[White "DarZay"]
[Black "SAInt_666"]
[Result "0-1"]
[WhiteElo "2296"]
[BlackElo "2638"]
[TimeControl "180+1"]
[EndTime "8:09:53 PST"]
[Termination "SAInt_666 won by resignation"]

1. e4 c5 2. Nf3 d6 3. d4 cxd4 4. Nxd4 Nf6 5. Nc3 Nc6 6. Bc4 Qb6 7. Nb3 e6 8. O-O Be7 9. Be3 Qc7 10. f4 a6 11. a4 O-O 12. a5 Bd7 13. Bb6 Qc8 14. Bd3 Nb4 15. e5 dxe5 16. fxe5 Nfd5 17. Nxd5 exd5 18. Qd2 Nxd3 19. cxd3 Bc6 20. d4 Qg4 21.
Rf4 Qg6 22. Qf2 Bg5 23. Rg4 Bd7 24. Rg3 Bh4 25. Nc5 Bxg3 26. hxg3 Bc6 27. Rf1 h6 28. Qf4 Rac8 29. Qf3 Qc2 30. Rf2 Qc4 31. Nd3 Bb5 32.
Nf4 Qc1+ 33. Kh2 Bc6 34. Qg4 Qb1 35. e6 f5 36. Qg6 Rf6 37. Qh5 Re8 38. Bc5 Rexe6 39.
Nxe6 Rxe6 40. Qxf5 Qxf5 41. Rxf5 Re2 42. Rf8+ Kh7 43. b4 Rc2 44. Rf4 Bb5 45. Kh3 Bd3 46.
Rf3 Be4 47. Rf4 Bxg2+ 48. Kg4 Be4 49. Rf8 Kg6 50. Re8 Rf2 51. Re6+ Kh7 52. Re5 Kg6 53. Kh3 h5 54. g4 hxg4+ 55. Kxg4 Rc2 56. Kf4 Rc3 57.
Re6+ Kh5 58. Re7 Rf3+ 59. Ke5 Rf5+ 60. Kd6 g5 61. Rh7+ Kg4 62. Rxb7 Rf6+ 63. Ke5 Rf5+ 64. Ke6 Kf3 65. Rg7 g4 66. b5 axb5 67. a6 Rh5 68. Rg8 Rh6+ 69. Kd7 Rxa6 70. Rf8+ Ke2 71. Rg8 Bf3 72.
Re8+ Kf2 73. Bd6 Rxd6+ 74. Kxd6 g3 75. Rg8 b4 76. Kc5 b3 77. Rb8 Bd1 78. Rf8+ Ke1 79. Re8+ Be2 80. Rb8 g2 81. Rxb3 g1=Q 82. Rb1+ Bd1 83.
Rb5 Qg5 84. Rb6 Qe7+ 85. Rd6 Bf3 86. Kc6 Be4 87. Rd7 Qxd7+ 88. Kxd7 Kd2 89. Kd6 Kd3 90. Ke5 Kc4 91. Kf4 Kxd4 92. Kg3 Ke3 93. Kg4 d4 0-1

[Event "Early-Titled-Tuesday-Blitz-February-20-2024"]
[Site "Chess.com"]
[Date "2024.02.20"]
[Round "1"]
[White "the_blue_pill"]
[Black "HamedWafa4"]
[Result "1/2-1/2"]
[WhiteElo "2401"]
[BlackElo "2715"]
[TimeControl "180+1"]
[EndTime "8:09:55 PST"]
[Termination "Game drawn by stalemate"]

1. b3 Nf6 2. Bb2 d5 3. e3 Bf5 4. Nf3 e6 5. Be2 Be7 6. Nh4 Bg6 7. Nxg6 hxg6 8. d3 c6 9. Nd2 Nbd7 10. Nf3 Bd6 11.
h3 Qe7 12. a3 e5 13. c4 O-O 14. O-O Rac8 15. Qc2 a6 16. e4 dxe4 17. dxe4 Rfd8 18.
Rfd1 a5 19. g3 Nc5 20. Ng5 Nfd7 21. h4 f6 22. Nf3 Ne6 23. Bf1 c5 24. Bh3 Nd4 25. Bxd4 exd4 26. Bxd7 Qxd7 27. Kg2 Re8 28. Ne1 Qc6 29. f3 Re7 30. Nd3 Rce8 31. Re1 Qc7 32.
Qf2 b6 33. a4 Kf7 34. Ra2 Qc6 35. Rae2 Bc7 36. Kg1 Qd6 37. Kg2 Qd7 38. f4 Qc6 39. Qf3 Rh8 40. e5 Qxf3+ 41. Kxf3 fxe5 42. Nxe5+ Bxe5 43. Rxe5 Rxe5 44. Rxe5 Rd8 45. Ke2 Kf6 46. Kd3 Rd6 47.
Re8 Kf5 48. Re5+ Kg4 49. Rg5+ Kf3 50. h5 gxh5 51. Rxg7 Re6 52. f5 Re3+ 53. Kd2 Kg2 54. f6 Rf3 55. f7 Rf6 56. g4 hxg4 57. Rxg4+ Kf3 58. Rg7 Ke4 59. Ke2 d3+ 60. Kd2 Rf2+ 61.
Ke1 Rf6 62. Kd2 Rf1 63. Rg4+ Ke5 64. Rg7 Kd4 65. Rg4+ Ke5 66. Rg7 Rf3 67. Rh7 Ke6 68. Rh6+ Ke5 69. Rh7 Ke4 70. Rh4+ Ke5 71. Rh5+ Kd4 72.
Rh4+ Ke5 73. Rh5+ Ke6 74. Rh6+ Ke7 75. Rxb6 Kxf7 76. Rc6 Rf5 77. Kxd3 Ke7 78. Ra6 Rf3+ 79. Kc2 Rf2+ 80. Kc3 Rf3+ 81. Kb2 Rf2+ 82. Ka3 Kd7 83. Rxa5 Kc6 84. Ra6+ Kc7 85. a5 Rf1 86. Ka4 Rb1 87. Rh6 Rb2 88. a6 Rb1 89. a7 Ra1+ 90. Kb5 Kb7 91.
Rh7+ Ka8 92. Kxc5 Ra5+ 93. Kb6 Rb5+ 94. Kc6 Rc5+ 95. Kd6 Rd5+ 96. Ke6 Re5+ 97. Kd6 Rd5+ 98. Kc7 Rc5+ 99. Kb6 Rb5+ 100. Ka6 Ra5+ 101. Kb6 Ra6+ 102. Kc5 Ra5+ 103. Kd4 Rd5+ 104. Ke3 Rd3+ 105. Kf2 Rd2+ 106. Ke3 Re2+ 107. Kd4 Re4+ 108. Kc5 Rxc4+ 109. Kxc4 1/2-1/2

[Event "Early-Titled-Tuesday-Blitz-February-20-2024"]
[Site "Chess.com"]
[Date "2024.02.20"]
[Round "1"]
[White "snowlord"]
[Black "tetrix83"]
[Result "1-0"]
[WhiteElo "2902"]
[BlackElo "2504"]
[TimeControl "180+1"]
[EndTime "8:10:02 PST"]
[Termination "snowlord won on time"]

1. d4 Nf6 2. c4 g6 3. h4 Bg7 4. Nc3 d6 5. e4 O-O 6. Be2 c5 7. d5 e6 8. h5 exd5 9. h6 Bh8 10. exd5 Re8 11. Bg5 Qb6 12. Qd2 Ne4 13. Nxe4 Rxe4 14. Kf1 Qxb2 15. Qxb2 Bxb2 16. Rb1 Bh8 17. Bd3 Re8 18.
Bf4 Be5 19. Re1 Bd7 20. Bxe5 Rxe5 21. Nf3 Rxe1+ 22. Kxe1 Na6 23. Kd2 Re8 24. Ng5 f5 25. a3 Nc7 26. Rb1 b6 27. Bc2 Re7 28. Bd3 Ba4 29. g3 Ne8 30. f3 Nf6 31. Rg1 Bd7 32. Rg2 Kf8 33. Rg1 Ng8 34. Rh1 Nf6 35. Rg1 Nh5 36. Rg2 Ke8 37. Rg1 Nf6 38. Rh1 Bc8 39.
Rg1 Kd8 40. a4 Bd7 41. Bc2 Kc7 42. Ra1 Ng8 43. Rh1 Nf6 44. Ra1 Kb7 45. Bd3 Ka6 46. a5 bxa5 47. Bc2 Nh5 48. Rg1 a4 49. Ra1 Nxg3 50. Bxa4 Bxa4 51. Rxa4+ Kb7 52. Ne6 f4 53. Ra1 Nf5 54. Nxf4 Nxh6 55. Ne6 Nf5 56. Rb1+ Kc8 57.
Kd3 Nd4 58. Ra1 Nxe6 59. dxe6 Rxe6 60. Rxa7 h5 61. Rg7 Rf6 62. Ke4 Kd8 63. Rh7 Ke8 64. Rc7 Kf8 65. Rb7 Kg8 66. f4 h4 67.
Rb2 Rf5 68. Rh2 Rh5 69. Rh3 Kf7 70. Kf3 Kf6 71. Kg4 Rh7 72. Rd3 Ke6 73. Re3+ Kd7 74. Ra3 Kc6 75. Ra6+ Kb7 76. Rxd6 h3 77. Rd1 h2 78. Rh1 Ka6 79. Kg5 Rh3 80. Kxg6 Ka5 81. f5 Kb4 82. f6 Kxc4 83. f7 Rg3+ 84. Kf6 Rf3+ 85. Ke7 Kd3 86. Rxh2 c4 87. Rh3 Rxh3 88.
f8=Q Re3+ 89. Kd6 c3 90. Qf5+ Kd2 91. Qf2+ Kd3 92. Kd5 c2 93. Qf5+ Kd2 94. Qf2+ Re2 95. Qd4+ Ke1 96. Qa1+ Kd2 97. Qa5+ Kd1 98. Qa4 Re3 99.
Kd4 Rf3 100. Ke4 Rf2 101. Ke3 Re2+ 102. Kd3 Rd2+ 103. Kc3 1-0

[Event "Early-Titled-Tuesday-Blitz-February-20-2024"]
[Site "Chess.com"]
[Date "2024.02.20"]
[Round "1"]
[White "margarita_2703"]
[Black "FoxOnTheRun97"]
[Result "1-0"]
[WhiteElo "2375"]
[BlackElo "2673"]
[TimeControl "180+1"]
[EndTime "8:10:05 PST"]
[Termination "margarita_2703 won by resignation"]

1. e4 c6 2. d4 d5 3. e5 Bf5 4.
Ne2 e6 5. Ng3 Bg6 6. h4 h6 7. h5 Bh7 8. Bd3 Bxd3 9. cxd3 Qb6 10. Be3 Qxb2 11. Nd2 Qa3 12. Rb1 b6 13. Rb3 Qxa2 14.
O-O Ne7 15. Qg4 Qa6 16. f4 Qc8 17. f5 exf5 18. Nxf5 Nxf5 19. Rxf5 Qe6 20. Rb1 a5 21. Rxb6 Nd7 22. Rb1 a4 23. Qf3 a3 24. Rf1 Bb4 25.
Nb3 Rf8 26. Bd2 Bxd2 27. Nxd2 a2 28. Nb3 Ra3 29. Na1 c5 30. Qe3 c4 31. Qd2 c3 32.
Qf2 Ra7 33. Qg3 Qb6 34. R5f4 c2 35. Nxc2 Qb1 36. Na1 Rc7 37. Qe3 Qb2 38. R4f2 Qa3 39. e6 Nf6 40. exf7+ Kxf7 41. Qe5 Kg8 42. Qxc7 Qxd3 43.
Qe5 Rf7 44. Rxf6 gxf6 45. Qf4 Kg7 46. Qg4+ Kh7 47. Qg6+ Qxg6 48. hxg6+ Kxg6 49. Rf2 Ra7 50. Kf1 Ra4 51. Ke1 f5 52. Rd2 f4 53. Ke2 Kf5 54. Kf3 Ra3+ 55. Kf2 h5 56. Re2 Kg4 57. Re5 Rd3 58.
Re2 Rxd4 59. Rxa2 Rc4 60. Rd2 d4 61. Nb3 d3 62. Rxd3 Rc2+ 63. Nd2 Ra2 64. Rd8 h4 65. Rg8+ Kf5 66. Ke2 Ra3 67. Rf8+ Kg5 68. Nf3+ Kg4 69. Rg8+ Kf5 70. Rg5+ Kf6 71. Rh5 Ra2+ 72. Kf1 Ra1+ 73. Kf2 Ra2+ 74. Kg1 Ra1+ 75. Kh2 Ra4 76. Rxh4 Kf5 77.
Rh5+ Kf6 78. Rb5 Rc4 79. Kh3 Rc2 80. Rg5 Rc3 81. Rg4 Kf5 82. Rg5+ Kf6 83. Kg4 Rc4 84. Rf5+ Kg6 85. Rxf4 Rc2 86. Kg3 Ra2 87. Rg4+ Kf5 88.
Rb4 Kg6 89. Rb5 Kf6 90. Kh3 Kg6 91. g4 Ra3 92. Kg3 Kf6 93. Rf5+ Kg6 94. Kh4 Ra1 95. Ne5+ Kg7 96. Kg5 Ra7 97. Nf3 Ra4 98. Ne5 Ra7 99. Rf7+ Rxf7 100. Nxf7 Kxf7 101. Kh6 Kg8 102. Kg6 Kh8 103.
Kf7 Kh7 104. g5 Kh8 105. Kg6 Kg8 106. Kf6 Kf8 107. g6 Kg8 108. g7 Kh7 109. Kf7 Kh6 110. g8=Q 1-0

[Event "Early-Titled-Tuesday-Blitz-February-20-2024"]
[Site "Chess.com"]
[Date "2024.02.20"]
[Round "2"]
[White "xamax2000"]
[Black "Kleyton_Lima"]
[Result "1-0"]
[WhiteElo "2856"]
[BlackElo "2572"]
[TimeControl "180+1"]
[EndTime "8:11:36 PST"]
[Termination "xamax2000 won by resignation"]

1. Nf3 c5 2. c4 Nf6 3. g3 d5 4.
cxd5 Nxd5 5. Bg2 g6 6. h4 h6 7. Nc3 Bg7 8. O-O Nc6 9. d3 O-O 10. Nxd5 Qxd5 11. Be3 Bd7 12. Qc1 Kh7 13. Ng5+ 1-0

[Event "Early-Titled-Tuesday-Blitz-February-20-2024"]
[Site "Chess.com"]
[Date "2024.02.20"]
[Round "2"]
[White "Flameboard08"]
[Black "ReinisUz"]
[Result "1-0"]
[WhiteElo "2717"]
[BlackElo "2393"]
[TimeControl "180+1"]
[EndTime "8:12:10 PST"]
[Termination "Flameboard08 won by resignation"]

1. f4 c5 2. Nf3 Nc6 3. g3 g6 4.
Bg2 Bg7 5. O-O d5 6. d3 Nf6 7.
Nbd2 O-O 8. h3 Re8 9. e4 dxe4 10.
dxe4 e5 11. fxe5 Nxe5 12. Nxe5 Rxe5 13. Nc4 Qxd1 14. Rxd1 Re8 15. Nd6 Rd8 16. e5 Re8 17.
exf6 1-0

[Event "Early-Titled-Tuesday-Blitz-February-20-2024"]
[Site "Chess.com"]
[Date "2024.02.20"]
[Round "2"]
[White "bancsoo"]
[Black "viniciusrego"]
[Result "1-0"]
[WhiteElo "2898"]
[BlackElo "2407"]
[TimeControl "180+1"]
[EndTime "8:12:46 PST"]
[Termination "bancsoo won by resignation"]

1. a3 g6 2. g3 Bg7 3. Nf3 c5 4. Bg2 Nc6 5. O-O b5 6. d3 Nf6 7. e4 Bb7 8. Be3 d6 9. Nc3 a5 10. Qd2 b4 11. axb4 axb4 12. Rxa8 Bxa8 13. Nd1 Ng4 14. Bf4 e5 15. Bg5 f6 16. Be3 O-O 17. h3 Nxe3 18. Nxe3 Nd4 19. Nxd4 cxd4 20. Nc4 Qb8 21. Ra1 Bc6 22. Ra6 Bb5 23. Rb6 1-0

[Event "Early-Titled-Tuesday-Blitz-February-20-2024"]
[Site "Chess.com"]
[Date "2024.02.20"]
[Round "2"]
[White "HelvertHernandez"]
[Black "Licancabur"]
[Result "0-1"]
[WhiteElo "1979"]
[BlackElo "2422"]
[TimeControl "180+1"]
[EndTime "8:12:54 PST"]
[Termination "Licancabur won by checkmate"]

1. e4 Nf6 2. e5 Nd5 3. d4 d6 4.
c4 Nb6 5. exd6 cxd6 6. Be3 g6 7. Nc3 Bg7 8. Qd2 Nc6 9. Be2 O-O 10. g4 d5 11. c5 Nc4 12. Bxc4 dxc4 13. O-O-O Bxg4 14. f3 Bf5 15. a3 Na5 16. Qf2 Nb3# 0-1

[Event "Early-Titled-Tuesday-Blitz-February-20-2024"]
[Site "Chess.com"]
[Date "2024.02.20"]
[Round "2"]
[White "Denis_Makhnyov"]
[Black "BilicVladimir"]
[Result "1-0"]
[WhiteElo "3020"]
[BlackElo "2644"]
[TimeControl "180+1"]
[EndTime "8:13:09 PST"]
[Termination "Denis_Makhnyov won by resignation"]

1. d4 d5 2. c4 c6 3. Nf3 Nf6 4.
Qb3 e6 5. g3 Nbd7 6. Bg2 Be7 7.
O-O O-O 8. Rd1 b6 9. Ne5 Bb7 10. Nc3 Qc8 11. Bf4 dxc4 12. Nxc4 c5 13. Bd6 Re8 14.
Bxe7 Bxg2 15. Bxf6 cxd4 16. Bxd4 Bd5 17. Nxd5 1-0

[Event "Early-Titled-Tuesday-Blitz-February-20-2024"]
[Site "Chess.com"]
[Date "2024.02.20"]
[Round "2"]
[White "leclash"]
[Black "Mikhail_Bryakin"]
[Result "1-0"]
[WhiteElo "2379"]
[BlackElo "2717"]
[TimeControl "180+1"]
[EndTime "8:13:20 PST"]
[Termination "leclash won by resignation"]

1. d4 Nf6 2. c4 c5 3. Nc3 cxd4 4.
Qxd4 Nc6 5. Qd2 g6 6. b3 Bg7 7. Bb2 O-O 8. g3 a6 9. Bg2 Rb8 10. Rd1 b5 11. Bxc6 bxc4 12. Bg2 cxb3 13. a3 Bb7 14.
Bxb7 Rxb7 15. Nf3 e6 16. O-O d5 17. e4 Nxe4 18. Nxe4 1-0

[Event "Early-Titled-Tuesday-Blitz-February-20-2024"]
[Site "Chess.com"]
[Date "2024.02.20"]
[Round "2"]
[White "rezamahdavi2008"]
[Black "AttilaTurzo"]
[Result "1-0"]
[WhiteElo "2843"]
[BlackElo "2490"]
[TimeControl "180+1"]
[EndTime "8:13:21 PST"]
[Termination "rezamahdavi2008 won by resignation"]

1. d4 d5 2. Nf3 c6 3. g3 Bf5 4. Bg2 e6 5. c4 Nf6 6. Nc3 h6 7. Qb3 Qb6 8. c5 Qa6 9. Bf1 b6 10. e4 Qb7 11. exf5 exf5 12. Be2 Qc7 13. Bf4 Qd8 14. O-O Be7 15. Bd3 g6 16. Rfe1 O-O 17. Bxh6 Re8 18. Ne5 bxc5 19. Qb7 Nbd7 20. Nxc6 Qb6 21.
Nxe7+ Kh7 22. Qxb6 axb6 23. Bg5 c4 24. Bf1 Ne4 25.
Nxe4 dxe4 26. Nd5 Rac8 27. Nf6+ Nxf6 28. Bxf6 b5 29. d5 b4 30. d6 Re6 31. d7 1-0

[Event "Early-Titled-Tuesday-Blitz-February-20-2024"]
[Site "Chess.com"]
[Date "2024.02.20"]
[Round "2"]
[White "WindWhistler11"]
[Black "regenda"]
[Result "0-1"]
[WhiteElo "2479"]
[BlackElo "2236"]
[TimeControl "180+1"]
[EndTime "8:13:35 PST"]
[Termination "regenda won by resignation"]

1. Nf3 Nf6 2. g3 g6 3. Bg2 Bg7 4. O-O O-O 5. c4 c6 6. Nc3 d6 7. Rb1 Qa5 8. e3 Na6 9. a3 Qh5 10. Ne2 e5 11. Ne1 Bg4 12. f3 Bf5 13. g4 Nxg4 14.
fxg4 Qxg4 15. Nc3 Qxd1 16. Nxd1 Bxb1 17. e4 Nc5 18. Nc3 Bd3 19. Rf2 Bxc4 20. b4 Nd3 21.
Nxd3 Bxd3 22. Bb2 f5 23. exf5 Rxf5 0-1

[Event "Early-Titled-Tuesday-Blitz-February-20-2024"]
[Site "Chess.com"]
[Date "2024.02.20"]
[Round "2"]
[White "the_blue_pill"]
[Black "jens1102"]
[Result "0-1"]
[WhiteElo "2399"]
[BlackElo "2714"]
[TimeControl "180+1"]
[EndTime "8:13:46 PST"]
[Termination "jens1102 won by checkmate"]

1. b3 e5 2. Bb2 Nc6 3. c4 Nf6 4. e3 d5 5. cxd5 Nxd5 6. a3 Be6 7. Qc2 a6 8. Nf3 Bd6 9. d3 O-O 10. Nbd2 f5 11. Be2 Qe7 12. O-O Rf6 13. Ng5 Rh6 14. Nxe6 Qxe6 15. g3 f4 16. e4 Qh3 17. Nf3 fxg3 18.
fxg3 Ne3 19. Qd2 Qg2# 0-1

[Event "Early-Titled-Tuesday-Blitz-February-20-2024"]
[Site "Chess.com"]
[Date "2024.02.20"]
[Round "2"]
[White "Zavgorodniy_Sergiy"]
[Black "Sina_Movahed"]
[Result "0-1"]
[WhiteElo "2620"]
[BlackElo "2963"]
[TimeControl "180+1"]
[EndTime "8:13:47 PST"]
[Termination "Sina_Movahed won by resignation"]

1. e4 c5 2. Nf3 d6 3. Bb5+ Nd7 4. Nc3 Nf6 5. O-O a6 6. Bxd7+ Bxd7 7. Re1 e6 8. d3 Be7 9. h3 O-O 10. Bf4 Bc6 11.
a4 b5 12. axb5 axb5 13. Rxa8 Qxa8 14. Qa1 Qb7 15. b3 Nd7 16. Nd2 Bf6 17. Bxd6 Ra8 18. Qb2 b4 19. e5 bxc3 20. Qxc3 Bd8 21. f3 Ba5 22. b4 Bxb4 23. Qb2 Bxd2 24. Qxb7 Bxb7 25.
Rb1 Bc6 26. Kf2 Bf4 27. g3 Bxe5 0-1

[Event "Early-Titled-Tuesday-Blitz-February-20-2024"]
[Site "Chess.com"]
[Date "2024.02.20"]
[Round "2"]
[White "ArchibaldCerveza29"]
[Black "aRk_iN"]
[Result "1-0"]
[WhiteElo "2472"]
[BlackElo "2158"]
[TimeControl "180+1"]
[EndTime "8:13:47 PST"]
[Termination "ArchibaldCerveza29 won by resignation"]

1. b3 d5 2. Bb2 Bg4 3. g3 e6 4. Bg2 Nf6 5. d3 c5 6. h3 Bf5 7.
Nd2 Nc6 8. e3 Be7 9. Ne2 O-O 10.
g4 Bg6 11. Ng3 Nd7 12. Qe2 Bf6 13. O-O-O Bxb2+ 14. Kxb2 b5 15. f4 f5 16. gxf5 Bxf5 17. Nxf5 Rxf5 18. e4 Rxf4 19. exd5 Qf6+ 20. c3 Rf2 21.
Qxe6+ Qxe6 22. dxe6 Rxg2 23. exd7 Ne5 24. Ka3 Rd8 25. Ne4 Nxd7 26. Rhg1 Rxg1 27. Rxg1 Ne5 28. Nxc5 Nxd3 29. Rd1 1-0

[Event "Early-Titled-Tuesday-Blitz-February-20-2024"]
[Site "Chess.com"]
[Date "2024.02.20"]
[Round "2"]
[White "YairParkhov"]
[Black "Me_ch_an"]
[Result "1-0"]
[WhiteElo "2557"]
[BlackElo "2327"]
[TimeControl "180+1"]
[EndTime "8:13:53 PST"]
[Termination "YairParkhov won by resignation"]

1. e4 c5 2. Nf3 Nc6 3. Bb5 Qb6 4.
Nc3 e6 5. O-O a6 6. Bxc6 Qxc6 7.
d4 cxd4 8. Nxd4 Qc7 9. Re1 d6 10. a4 b6 11. Ra3 Nf6 12. Nd5 exd5 13. exd5+ Be7 14. Nc6 Nxd5 15. Qxd5 Be6 16. Nxe7 Ra7 17. Nc6 O-O 18. Qf3 Raa8 19. Rc3 1-0

[Event "Early-Titled-Tuesday-Blitz-February-20-2024"]
[Site "Chess.com"]
[Date "2024.02.20"]
[Round "2"]
[White "alexrustemov"]
[Black "deribas12345"]
[Result "1-0"]
[WhiteElo "2908"]
[BlackElo "2608"]
[TimeControl "180+1"]
[EndTime "8:13:54 PST"]
[Termination "alexrustemov won by resignation"]

1. d4 Nf6 2. c4 c5 3. d5 b5 4. cxb5 a6 5. e3 d6 6. Nc3 g6 7. a4 Bg7 8. e4 O-O 9. Nf3 Nbd7 10. Bf4 Nh5 11. Be3 Qa5 12. Bd2 Qb4 13. Ra3 Qa5 14. Be2 axb5 15. axb5 Qxa3 16. bxa3 Rxa3 17. Qc1 Ra7 18. O-O Nb6 19. Bh6 Bd7 20. Bxg7 Kxg7 21. Qb2 f6 22. Ra1 Rfa8 23. Rxa7 Rxa7 24. g3 Kf7 25. Nd2 Ng7 26. Nc4 1-0